 Dungeon Crawl Stone Soup version 0.13.0-18-g7b03ea5 (webtiles) character file.

2057 Ragg the Ducker (level 9, -4/83 HPs)
             Began as a Troll Monk on Oct 23, 2013.
             Killed by divine providence
             ... invoked by an orc priest
              (13 damage)
             ... on Level 6 of the Dungeon.
             The game lasted 00:28:23 (4382 turns).

Ragg the Ducker (Troll Monk)                        Turns: 4382, Time: 00:28:23

HP  -4/83        AC  6     Str 21      XL: 9   Next:  1%
MP   3/3         EV 14     Int  6      God:
Gold 64          SH  0     Dex 15      Spells:  0 memorised,  8 levels left

Res.Fire  : . . .   See Invis. : .     - Unarmed
Res.Cold  : . . .   Warding    : .   a - +1 robe
Life Prot.: . . .   Conserve   : .   (shield restricted)
Res.Poison: .       Res.Corr.  : .   (helmet restricted)
Res.Elec. : .       Clarity    : .   (no cloak)
Sust.Abil.: . .     Spirit.Shd : .   (gloves unavailable)
Res.Mut.  : .       Stasis     : .   (boots unavailable)
Res.Rott. : .       Flight     : .   (no amulet)
Gourmand  : +                        (no ring)
                                     (no ring)

@: drained, slightly resistant to hostile enchantments, unstealthy
A: unfitting armour, claws 3, fast metabolism 3, gourmand, regeneration 2,
saprovore 2, tough skin 2, AC +1
a: no special abilities


You were on level 6 of the Dungeon.
You were full.

You visited 1 branch of the dungeon, and saw 6 of its levels.

You collected 243 gold pieces.
You spent 179 gold pieces at shops.

Inventory:

Armour
 a - a +1 robe (worn)
Comestibles
 b - 3 meat rations
 g - a lychee
 r - a snozzcumber
 v - a choko
 A - a pear
 C - 2 bread rations
Scrolls
 c - a scroll of fog
 d - a scroll of recharging {unknown}
 e - 2 scrolls of blinking
 f - 3 scrolls of remove curse
 h - 4 scrolls of identify
 i - a scroll of teleportation {unknown}
 l - 2 scrolls of enchant armour
 m - 2 scrolls of magic mapping {unknown}
 n - a scroll of noise
 t - a scroll of curse weapon {unknown}
 y - a scroll of amnesia {unknown}
Jewellery
 s - an uncursed ring of invisibility
Potions
 k - a potion of invisibility {unknown}
 x - a potion of beneficial mutation {unknown}
Books
 j - a book of Flames

   Spells                             Type                      Level
   Flame Tongue                       Conjuration/Fire             1
   Throw Flame                        Conjuration/Fire             2
   Conjure Flame                      Conjuration/Fire             3
   Inner Flame                        Hexes/Fire                   3
   Sticky Flame                       Conjuration/Fire             4
   Fireball                           Conjuration/Fire             5


   Skills:
 + Level 4.2(4.1) Fighting
 + Level 7.8(7.7) Dodging
 - Level 1.1(1.0) Stealth
 + Level 7.7(7.6) Unarmed Combat


You had 8 spell levels left.
You didn't know any spells.

Dungeon Overview and Level Annotations

Branches:
Dungeon (6/27)             Temple (0/1) D:5
    Orc: D:6-11

Altars:
Elyvilon
Fedhas
Nemelex Xobeh
Trog
Zin
the Shining One

Shops:
D:6 **!

Annotations:
D:4 Prince Ribbit


Innate Abilities, Weirdness & Mutations

You are too large for most types of armour.
You have claws for hands.
Your metabolism is lightning-fast.
You like to eat raw meat.
You heal very quickly.
You can eat rotten meat.
You are covered in fur (AC +1).
You have very tough skin (AC +2).


Message History

The kobold hits you with an orcish club.
The orc warrior hits you with an orcish mace!
* * * LOW HITPOINT WARNING * * *
You are too injured to fight recklessly!
You are too injured to fight recklessly!
You are too injured to fight recklessly!
You are too injured to fight recklessly!
You are too injured to fight recklessly!
You are too injured to fight recklessly!
You are too injured to fight recklessly!
You are too injured to fight recklessly!
The orc priest calls upon Beogh to heal the orc warrior.
The orc warrior is healed somewhat.
The orc priest invokes the aid of Beogh against you.
Something smites you!
* * * LOW HITPOINT WARNING * * *
The orc warrior is no longer bleeding.
The orc priest calls down the wrath of Beogh upon you.
Something smites you!
You die...

###.#..##########.........#
...8......................#
................#########.#
######..#######.# #.#
................#########.#
...................oo.oK..#
..................o#####..#
.######.#########..# #..#
................@..#####o.#
.............<............#
#.........................#
#..########..############.#
.. ....... .........#
..................#
########## #.......#
#######.# #.#


You could see an orc warrior and 2 orc priests.

Vanquished Creatures
  The ghost of Ragg the Cudgeler, an experienced GrBe of Trog (D:5)
  Grinder (D:5)
  3 ice beasts (D:5)
  A necrophage (D:5)
  2 phantoms (D:4)
  A centaur (D:5)
  An ogre (D:5)
  3 wights (D:6)
  2 crimson imps (D:5)
  A centaur skeleton (D:6)
  2 jellies (D:6)
  An orc wizard (D:4)
  3 hounds
  An iguana (D:4)
  2 worker ants (D:5)
  2 hound skeletons
  4 gnolls (D:4)
  4 adders
  2 giant mites
  2 worms
  An iguana skeleton (D:6)
  6 giant geckos
  4 orcs
  A ball python (D:4)
  A bat zombie (D:5)
  4 giant cockroaches
  13 hobgoblins
  6 jackals
  7 kobolds
  4 quokkas
  9 bats
  7 giant newts
  A giant newt zombie (D:5)
  A gnoll skeleton (D:3)
  2 goblins
  A hobgoblin skeleton (D:5)
  A quokka skeleton (D:5)
  6 rats
  A rat skeleton (D:5)
115 creatures vanquished.

Notes
Turn   | Place    | Note
--------------------------------------------------------------
     0 | D:1      | Ragg, the Troll Monk, began the quest for the Orb.
     0 | D:1      | Reached XP level 1. HP: 20/20 MP: 0/0
   301 | D:1      | Reached XP level 2. HP: 28/28 MP: 0/0
   738 | D:2      | Noticed a moth of wrath
   740 | D:2      | Found a bloodstained altar of Trog.
   882 | D:2      | Reached XP level 3. HP: 30/35 MP: 1/1
  1095 | D:2      | Found a glowing golden altar of the Shining One.
  1101 | D:2      | Found a white marble altar of Elyvilon.
  1101 | D:2      | Found a glowing silver altar of Zin.
  1435 | D:3      | Found a sparkling altar of Nemelex Xobeh.
  1551 | D:3      | Reached skill level 5 in Unarmed Combat
  1600 | D:3      | Reached XP level 4. HP: 44/44 MP: 1/1
  2067 | D:4      | Noticed a phantom
  2104 | D:4      | Killed a phantom
  2104 | D:4      | Reached XP level 5. HP: 3/50 MP: 1/1
  2419 | D:4      | Noticed Prince Ribbit
  2420 | D:4      | Noticed a phantom
  2454 | D:4      | Killed a phantom
  2454 | D:4      | Reached XP level 6. HP: 27/59 MP: 2/2
  2934 | D:5      | Entered Level 5 of the Dungeon
  2946 | D:5      | Reached skill level 6 in Unarmed Combat
  2946 | D:5      | Reached XP level 7. HP: 42/66 MP: 2/2
  2956 | D:5      | Reached skill level 5 in Dodging
  3126 | D:5      | Noticed Grinder
  3138 | D:5      | Killed Grinder
  3161 | D:5      | Found a blossoming altar of Fedhas.
  3240 | D:5      | Reached XP level 8. HP: 16/75 MP: 2/2
  3453 | D:5      | Noticed Ragg's ghost (experienced GrBe)
  3469 | D:5      | HP: 3/75 [Ragg's ghost (6)]
  3473 | D:5      | Killed Ragg's ghost
  3473 | D:5      | Reached skill level 7 in Dodging
  3614 | D:5      | Noticed a necrophage
  3620 | D:5      | Killed a necrophage
  3957 | D:5      | Found a staircase to the Ecumenical Temple.
  4056 | D:6      | Found Plog's Distillery.
  4060 | D:6      | Bought a potion of curing for 20 gold pieces
  4073 | D:6      | Found Qedeurea's Assorted Antiques.
  4084 | D:6      | Found Ocuafaus' General Store.
  4110 | D:6      | Bought a scroll of blinking for 159 gold pieces
  4290 | D:6      | Reached XP level 9. HP: 72/83 MP: 3/3
  4382 | D:6      | Killed from afar by an orc priest

Action                   |  1- 3 |  4- 6 |  7- 9 || total
-------------------------+-------+-------+-------++-------
Melee: Unarmed           |   112 |   137 |   141 ||   390
  Use: Scroll            |       |     6 |       ||     6
       Potion            |       |       |     6 ||     6
 Stab: Sleeping          |     1 |       |       ||     1
